Kraken vs Devils

Created - April 1, 2025 at 19:16

Goals
1 2 3 T
Kraken 2 1 1 4
Devils 0 3 2 5
Shots
1 2 3 T
Kraken 11 9 6 26
Devils 12 13 6 31

1st period

1. Kraken , JT Compher 12 (Erik Gudbranson 17, Andrei Loktionov 23) at 4:08
2. Kraken , Tyler Bertuzzi 17 (Brady Skjei 43, Logan Couture 21) at 12:58

Penalties :
Andrei Loktionov (Sea) for Tripping (Minor) at 6:54, Brendan Lemieux (Sea) for Tripping (Minor) at 16:05

2nd period

3. Devils , Nazem Kadri 28 (Nick Palmieri 21, Tyler Ennis 52) at 1:29 (PP)
4. Kraken , Erik Gudbranson 3 (Andrei Loktionov 24) at 5:39 (PP)
5. Devils , Tyler Ennis 31 (Nazem Kadri 41) at 5:51
6. Devils , Nazem Kadri 29 (Tyler Ennis 53) at 14:12 (PP)

Penalties :
Nikita Zaitsev (Sea) for Charging (Minor) at 1:25, Ondrej Kase (N.J) for Cross-checking (Minor) at 5:02, Jalen Chatfield (Sea) for High sticking (Minor) at 13:59, Nikita Zaitsev (Sea) for Holding (Minor) at 15:18

3rd period

7. Devils , Tyler Ennis 32 (Nazem Kadri 42) at 1:02
8. Devils , Nick Palmieri 19 (Matt Donovan 14, Tyler Ennis 54) at 3:00 (PP)
9. Kraken , Brendan Lemieux 17 (Brendan Gallagher 35, Ryan Nugent-Hopkins 42) at 5:25 (PP)

Penalties :
Logan Couture (Sea) for Tripping (Minor) at 1:51, Tom Wilson (N.J) for Close Hand On Puck (Minor) at 4:51, Cam Fowler (N.J) for Interference (Minor) at 7:42, Logan Shaw (N.J) for Roughing (Minor) at 14:57, Jalen Chatfield (Sea) for Tripping (Minor) at 17:37

Goalie Stats

Laurent Brossoit (Sea), 26 saves from 31 shots - (0.839), L, 24-22-5, 60:00 minutes
Jonathan Quick (N.J), 22 saves from 26 shots - (0.846), W, 22-15-2, 60:00 minutes

Players Stats for Kraken

Player Name              G  A  P  +/- PIM S  H  SB GA TA FO     MP     PP MP  PK MP  
------------------------------------------------------------------------------------
Andrei Loktionov         0  2  2   0  2   2  0  0  1  0  1/5    12:44   2:47   0:27 
Brady Skjei              0  1  1   1  0   0  4  1  0  0  0/0    26:34   2:02   6:10 
Brendan Gallagher        0  1  1  -1  0   2  0  1  0  0  0/1    22:38   2:14   3:30 
Brendan Lemieux          1  0  1  -1  2   6  2  0  0  1  0/2    20:22   2:22   0:44 
Erik Gudbranson          1  1  2   1  0   3  0  3  1  1  0/0    25:59   2:02   5:59 
Jalen Chatfield          0  0  0   0  4   0  4  1  0  1  0/0    14:54   0:07   0:40 
Jamie Oleksiak           0  0  0   0  0   0  2  0  1  1  0/0    14:16   0:07   0:00 
Jason Spezza             0  0  0   0  0   0  2  0  1  0  2/3    14:20   2:47   0:00 
JT Compher               1  0  1   1  0   1  2  0  0  0  0/0     7:02   0:00   0:27 
Kyle Rau                 0  0  0   1  0   0  0  0  1  0  1/1    10:26   0:00   3:30 
Logan Couture            0  1  1   0  2   1  1  0  2  0  10/21  17:15   0:08   4:41 
Marcus Johansson         0  0  0   0  0   0  0  0  0  0  0/0    12:31   2:47   0:00 
Nikita Zaitsev           0  0  0  -1  4   1  3  2  0  3  0/0    18:35   3:00   2:32 
Olli Maatta              0  0  0  -1  0   2  2  1  1  0  0/0    19:45   3:00   3:23 
Ryan Nugent-Hopkins      0  1  1  -1  0   1  2  0  0  1  8/26   19:25   2:22   0:00 
Tyler Bertuzzi           1  0  1   0  0   5  1  1  0  1  0/1    17:52   0:00   5:25 
Victor Olofsson          0  0  0   1  0   0  0  0  0  0  0/0     6:32   0:00   0:00 
Zach Hyman               0  0  0   0  0   2  0  0  1  0  0/0     9:21   0:00   0:00 

Players Stats for Devils

Player Name              G  A  P  +/- PIM S  H  SB GA TA FO     MP     PP MP  PK MP  
------------------------------------------------------------------------------------
Anton Lander             0  0  0  -1  0   2  0  1  0  0  3/4     9:28   0:00   1:29 
Brayden Point            0  0  0   0  0   5  1  1  0  0  12/15  17:30   4:02   0:36 
Cam Fowler               0  0  0   0  2   0  1  2  0  1  0/0    25:40   6:14   1:29 
Damon Severson           0  0  0   0  0   0  3  1  0  0  0/0    20:47   6:14   0:44 
Eric Tangradi            0  0  0  -1  0   1  0  0  1  0  0/0     9:25   0:00   1:13 
Jonathan Huberdeau       0  0  0   0  0   2  4  2  0  2  0/1    17:17   4:02   0:08 
Kristopher Letang        0  0  0   0  0   1  1  2  0  0  0/0    20:02   3:08   0:00 
Logan Shaw               0  0  0  -1  2   3  1  0  1  1  0/0     8:49   0:00   0:39 
Matt Donovan             0  1  1   0  0   0  0  1  1  1  0/0    20:18   3:08   2:43 
Michael Del Zotto        0  0  0   0  0   0  2  1  0  1  0/0    16:01   0:00   2:44 
Nazem Kadri              2  2  4   1  0   4  3  1  1  0  13/25  19:26   5:20   0:00 
Nick Palmieri            1  1  2   1  0   3  0  1  2  0  1/2    22:55   5:20   3:09 
Ondrej Kase              0  0  0   0  2   1  0  0  0  0  1/1    10:07   0:00   0:00 
Sam Bennett              0  0  0   0  0   2  1  1  2  0  6/9    14:01   0:00   3:04 
Sven Baertschi           0  0  0   0  0   0  1  1  0  0  0/0    10:20   0:00   0:00 
Thomas Hickey            0  0  0   0  0   1  1  5  0  2  0/0    16:30   0:00   2:38 
Tom Wilson               0  0  0   0  2   2  3  0  0  0  1/1    16:45   4:02   0:00 
Tyler Ennis              2  3  5   1  0   4  1  0  1  1  1/2    19:26   5:20   0:00 

3 Stars

1 - Tyler Ennis (N.J)
2 - Nazem Kadri (N.J)
3 - Nick Palmieri (N.J)

Power Play

Kraken - 2 on 4 Attempt(s) - 50.00%
Devils - 3 on 7 Attempt(s) - 42.86%

Penalty Kill

Kraken - 4 on 7 Attempt(s) - 57.14% - Score 0 goal in Penalty Kill
Devils - 2 on 4 Attempt(s) - 50.00% - Score 0 goal in Penalty Kill

Team Stat

Kraken - Hits : 25 - Faceoff Wins : 22 - Blocked Shots : 10 - Penalty Minutes : 14
Devils - Hits : 23 - Faceoff Wins : 38 - Blocked Shots : 20 - Penalty Minutes : 8

Official

Referees : Kevin Pollock and Brian Pochmara
Linesman : Brad Kovachik and Steve Miller

Game Notes

No Game Note

Finance

Level 1 -- Attendance: 5524 (92.07%) -- Ticket Income $552,400
Level 2 -- Attendance: 4511 (90.22%) -- Ticket Income $315,770
Level 3 -- Attendance: 1790 (89.50%) -- Ticket Income $71,600
Level 4 -- Attendance: 4000 (100.00%) -- Ticket Income $120,000
Luxury Box -- Attendance: 984 (98.40%) -- Ticket Income $196,800
Game was played at the Prudential Center.
Total Attendance: 16809 (93.38%)
Total Ticket Income: $1,256,570
Other Income: $188,486
Total Income: $1,445,056

Kraken

5 vs 5 Forward 
   Center                   Left Wing                Right Wing               Time % Phy DF OF 
 1 Ryan Nugent-Hopkins      Brendan Lemieux          Brendan Gallagher        40     0   2  3  
 2 Logan Couture            Tyler Bertuzzi           Jason Spezza             30     0   2  3  
 3 Andrei Loktionov         Marcus Johansson         Zach Hyman               25     0   2  3  
 4 Kyle Rau                 JT Compher               Victor Olofsson          5      1   2  2  

5 vs 5 Defense 
   Defense                  Defense                                           Time % Phy DF OF 
 1 Brady Skjei              Erik Gudbranson                                   40     0   3  2  
 2 Olli Maatta              Nikita Zaitsev                                    30     0   3  2  
 3 Jamie Oleksiak           Jalen Chatfield                                   29     0   3  2  
 4 Jamie Oleksiak           Jalen Chatfield                                   1      0   3  2  

PowerPlay Forward 
   Center                   Left Wing                Right Wing               Time % Phy DF OF 
 1 Ryan Nugent-Hopkins      Brendan Lemieux          Brendan Gallagher        50     0   1  4  
 2 Andrei Loktionov         Marcus Johansson         Jason Spezza             50     0   1  4  

PowerPlay Defense
   Defense                  Defense                                           Time % Phy DF OF 
 1 Brady Skjei              Erik Gudbranson                                   50     0   1  4  
 2 Olli Maatta              Nikita Zaitsev                                    50     0   1  4  

Penalty Kill 4 Players Forward 
   Center                   Wing                     Time % Phy DF OF 
 1 Logan Couture            Tyler Bertuzzi           55     1   3  1  
 2 Kyle Rau                 Brendan Gallagher        45     1   3  1  

Penalty Kill 4 Players Defense
   Defense                  Defense                  Time % Phy DF OF 
 1 Brady Skjei              Erik Gudbranson          55     1   3  1  
 2 Olli Maatta              Nikita Zaitsev           45     1   3  1  

Penalty Kill - 3 Players Forward 
   Forward                                           Time % Phy DF OF 
 1 Ryan Nugent-Hopkins                               50     1   3  1  
 2 Andrei Loktionov                                  50     1   3  1  

Penalty Kill - 3 Players Defense
   Defense                  Defense                  Time % Phy DF OF 
 1 Olli Maatta              Nikita Zaitsev           50     1   3  1  
 2 Jalen Chatfield          Jamie Oleksiak           50     1   3  1  

4 vs 4 Forward 
   Center                   Wing                     Time % Phy DF OF 
 1 Andrei Loktionov         Tyler Bertuzzi           50     1   2  2  
 2 Logan Couture            Marcus Johansson         50     1   2  2  

4 vs 4 Defense
   Defense                  Defense                  Time % Phy DF OF 
 1 Olli Maatta              Nikita Zaitsev           50     1   2  2  
 2 Jalen Chatfield          Jamie Oleksiak           50     1   2  2  

Last Minutes Offensive
   Center                   Left Wing                Right Wing               Defense                  Defense                  
   Ryan Nugent-Hopkins      Marcus Johansson         Brendan Lemieux          Brady Skjei              Erik Gudbranson          

Last Minutes Defensive
   Center                   Left Wing                Right Wing               Defense                  Defense                  
   Logan Couture            Tyler Bertuzzi           Zach Hyman               Olli Maatta              Nikita Zaitsev           

Goaltenders
Starting : Laurent Brossoit         
Backup : Thomas McCollum          

Extra Forwards
Normal : Logan Couture, Tyler Bertuzzi, Kyle Rau - PP : Logan Couture, Tyler Bertuzzi - PK : Brendan Lemieux
Extra Defensemen
Normal : Nikita Zaitsev, Jalen Chatfield, Olli Maatta - PP : Jamie Oleksiak - PK : Jalen Chatfield, Olli Maatta
Penalty Shots
Zach Hyman, Logan Couture, Brendan Gallagher, Ryan Nugent-Hopkins, Marcus Johansson
Custom OT Lines Forwards
Ryan Nugent-Hopkins, Brendan Gallagher, Brendan Lemieux, Andrei Loktionov, Marcus Johansson, Tyler Bertuzzi, Logan Couture, Kyle Rau, Zach Hyman, JT Compher
Custom OT Lines Defensemen
Erik Gudbranson, Brady Skjei, Olli Maatta, Nikita Zaitsev, Jamie Oleksiak

Scratches
Ebbe Siönäs (Healthy)

Devils

5 vs 5 Forward 
   Center                   Left Wing                Right Wing               Time % Phy DF OF 
 1 Nazem Kadri              Tyler Ennis              Nick Palmieri            35     0   2  3  
 2 Brayden Point            Jonathan Huberdeau       Tom Wilson               30     0   2  3  
 3 Sam Bennett              Sven Baertschi           Ondrej Kase              25     0   2  3  
 4 Anton Lander             Eric Tangradi            Logan Shaw               10     0   2  3  

5 vs 5 Defense 
   Defense                  Defense                                           Time % Phy DF OF 
 1 Cam Fowler               Kristopher Letang                                 40     0   3  2  
 2 Thomas Hickey            Matt Donovan                                      30     0   3  2  
 3 Michael Del Zotto        Damon Severson                                    30     0   3  2  
 4 Cam Fowler               Michael Del Zotto                                 0      0   3  2  

PowerPlay Forward 
   Center                   Left Wing                Right Wing               Time % Phy DF OF 
 1 Nazem Kadri              Tyler Ennis              Nick Palmieri            60     0   1  4  
 2 Brayden Point            Jonathan Huberdeau       Tom Wilson               40     0   1  4  

PowerPlay Defense
   Defense                  Defense                                           Time % Phy DF OF 
 1 Cam Fowler               Damon Severson                                    60     0   2  3  
 2 Matt Donovan             Kristopher Letang                                 40     0   2  3  

Penalty Kill 4 Players Forward 
   Center                   Wing                     Time % Phy DF OF 
 1 Sam Bennett              Nick Palmieri            60     1   3  1  
 2 Anton Lander             Logan Shaw               40     1   3  1  

Penalty Kill 4 Players Defense
   Defense                  Defense                  Time % Phy DF OF 
 1 Cam Fowler               Michael Del Zotto        60     1   4  0  
 2 Thomas Hickey            Matt Donovan             40     1   4  0  

Penalty Kill - 3 Players Forward 
   Forward                                           Time % Phy DF OF 
 1 Nazem Kadri                                       60     1   4  0  
 2 Brayden Point                                     40     1   4  0  

Penalty Kill - 3 Players Defense
   Defense                  Defense                  Time % Phy DF OF 
 1 Cam Fowler               Michael Del Zotto        60     1   4  0  
 2 Kristopher Letang        Matt Donovan             40     1   4  0  

4 vs 4 Forward 
   Center                   Wing                     Time % Phy DF OF 
 1 Nazem Kadri              Tyler Ennis              60     1   2  2  
 2 Brayden Point            Jonathan Huberdeau       40     1   2  2  

4 vs 4 Defense
   Defense                  Defense                  Time % Phy DF OF 
 1 Cam Fowler               Kristopher Letang        60     1   2  2  
 2 Thomas Hickey            Matt Donovan             40     1   2  2  

Last Minutes Offensive
   Center                   Left Wing                Right Wing               Defense                  Defense                  
   Nazem Kadri              Tyler Ennis              Nick Palmieri            Cam Fowler               Michael Del Zotto        

Last Minutes Defensive
   Center                   Left Wing                Right Wing               Defense                  Defense                  
   Nazem Kadri              Tyler Ennis              Nick Palmieri            Cam Fowler               Michael Del Zotto        

Goaltenders
Starting : Jonathan Quick           
Backup : Elvis Merzlikins         

Extra Forwards
Normal : Nick Palmieri, Sam Bennett, Logan Shaw - PP : Nick Palmieri, Sam Bennett - PK : Nick Palmieri
Extra Defensemen
Normal : Matt Donovan, Thomas Hickey, Damon Severson - PP : Matt Donovan - PK : Matt Donovan, Thomas Hickey
Penalty Shots
Tyler Ennis, Nazem Kadri, Jonathan Huberdeau, Brayden Point, Nick Palmieri
Custom OT Lines Forwards
Tyler Ennis, Nazem Kadri, Jonathan Huberdeau, Brayden Point, Nick Palmieri, Sam Bennett, Logan Shaw, Ondrej Kase, Tom Wilson, Sven Baertschi
Custom OT Lines Defensemen
Cam Fowler, Michael Del Zotto, Kristopher Letang, Matt Donovan, Thomas Hickey

Scratches
Darren Dietz (Healthy)

% Time on Ice - Kraken

Lines # - Real PCT - Wanted PCT - Time Play
Normal Forward
1 - 37% - 40% - 16:54
2 - 28% - 30% - 12:30
3 - 21% - 25% - 9:21
4 - 14% - 5% - 6:21
Normal Defense
1 - 40% - 40% - 17:54
2 - 30% - 30% - 13:22
3 - 31% - 29% - 13:50
4 - 0% - 1% - 0:00
PP Forward
1 - 46% - 50% - 2:22
2 - 54% - 50% - 2:47
PP Defense
1 - 42% - 50% - 2:09
2 - 58% - 50% - 3:00
PK Forward
1 - 63% - 55% - 5:52
2 - 37% - 45% - 3:30
PK Defense
1 - 64% - 55% - 5:59
2 - 36% - 45% - 3:23
PK3 Forward
1 - 0% - 50%
2 - 0% - 50%
PK3 Defense
1 - 0% - 50%
2 - 0% - 50%
44 Forward
1 - 0% - 50%
2 - 0% - 50%
44 Defense
1 - 0% - 50%
2 - 0% - 50%
Last Minute Offensive  - 0:23
Last Minute Defensive  - 0:00
Total
Forward - 60:00
Defense - 60:00

% Time on Ice - Devils

Lines # - Real PCT - Wanted PCT - Time Play
Normal Forward
1 - 33% - 35% - 15:03
2 - 28% - 30% - 12:44
3 - 22% - 25% - 10:08
4 - 16% - 10% - 7:21
Normal Defense
1 - 41% - 40% - 18:43
2 - 30% - 30% - 13:45
3 - 28% - 30% - 12:48
4 - 0% - 0% - 0:00
PP Forward
1 - 57% - 60% - 5:20
2 - 43% - 40% - 4:02
PP Defense
1 - 67% - 60% - 6:14
2 - 33% - 40% - 3:08
PK Forward
1 - 81% - 60% - 4:10
2 - 19% - 40% - 0:59
PK Defense
1 - 67% - 60% - 3:28
2 - 33% - 40% - 1:41
PK3 Forward
1 - 0% - 60%
2 - 0% - 40%
PK3 Defense
1 - 0% - 60%
2 - 0% - 40%
44 Forward
1 - 0% - 60%
2 - 0% - 40%
44 Defense
1 - 0% - 60%
2 - 0% - 40%
Last Minute Offensive  - 0:00
Last Minute Defensive  - 0:13
Total
Forward - 60:00
Defense - 60:00

Play-by-Play

1st period


0:01 of 1st period - Nazem Kadri wins face-off versus Brendan Gallagher in neutral zone.
0:40 of 1st period - Jonathan Huberdeau is hit by Jason Spezza and loses puck.
0:51 of 1st period - Cam Fowler is hit by JT Compher and loses puck.
1:05 of 1st period - Snap shot by Tom Wilson.
1:05 of 1st period - Stopped by Laurent Brossoit with a rebound.
1:07 of 1st period - Slapshot by Thomas Hickey.
1:07 of 1st period - Shot Misses the Net.
1:11 of 1st period - Snap shot by Brayden Point.
1:11 of 1st period - Stopped by Laurent Brossoit with a rebound.
1:13 of 1st period - Snap shot by Brayden Point.
1:13 of 1st period - Stopped by Laurent Brossoit with a rebound.
1:15 of 1st period - Wrist shot by Brayden Point.
1:15 of 1st period - Shot Misses the Net.
1:17 of 1st period - Wrist shot by Jonathan Huberdeau.
1:17 of 1st period - Shot Blocked by Nikita Zaitsev.
1:19 of 1st period - Slapshot by Brayden Point.
1:19 of 1st period - Stopped by Laurent Brossoit without a rebound.
1:20 of 1st period - Andrei Loktionov wins face-off versus Sam Bennett in Kraken zone.
1:33 of 1st period - Jalen Chatfield is hit by Damon Severson and loses puck.
2:57 of 1st period - Off-side.
2:58 of 1st period - Brayden Point wins face-off versus Ryan Nugent-Hopkins in neutral zone.
3:13 of 1st period - Slapshot by Jonathan Huberdeau.
3:13 of 1st period - Deflect By Brayden Point.
3:13 of 1st period - Stopped by Laurent Brossoit with a rebound.
4:08 of 1st period - Wrist shot by JT Compher.
4:08 of 1st period - Goal by JT Compher - Kraken : 1 - Devils : 0.
4:09 of 1st period - Ryan Nugent-Hopkins wins face-off versus Nazem Kadri in neutral zone.
4:25 of 1st period - Wrist shot by Nazem Kadri.
4:25 of 1st period - Stopped by Laurent Brossoit without a rebound.
4:26 of 1st period - Jason Spezza wins face-off versus Sam Bennett in Kraken zone.
4:51 of 1st period - Brendan Gallagher is hit by Michael Del Zotto and loses puck.
4:58 of 1st period - Snap shot by Tyler Ennis.
4:58 of 1st period - Shot Misses the Net.
5:24 of 1st period - Wrist shot by Brayden Point.
5:24 of 1st period - Shot Misses the Net.
5:41 of 1st period - Snap shot by Tyler Bertuzzi.
5:41 of 1st period - Stopped by Jonathan Quick without a rebound.
5:42 of 1st period - Jason Spezza wins face-off versus Sam Bennett in Devils zone.
6:14 of 1st period - Snap shot by Nick Palmieri.
6:14 of 1st period - Deflect By Nazem Kadri.
6:14 of 1st period - Shot Misses the Net.
6:14 of 1st period - Puck is out of play.
6:15 of 1st period - Ryan Nugent-Hopkins wins face-off versus Brayden Point in Kraken zone.
6:30 of 1st period - Snap shot by Brayden Point.
6:30 of 1st period - Stopped by Laurent Brossoit without a rebound.
6:31 of 1st period - Nazem Kadri wins face-off versus Andrei Loktionov in Kraken zone.
6:48 of 1st period - Snap shot by Tyler Ennis.
6:48 of 1st period - Shot Blocked by Erik Gudbranson.
6:54 of 1st period - Minor Penalty to Andrei Loktionov for Tripping.
6:55 of 1st period - Nazem Kadri wins face-off versus Logan Couture in Kraken zone.
6:59 of 1st period - Snap shot by Nick Palmieri.
6:59 of 1st period - Shot Misses the Net.
7:35 of 1st period - Logan Couture is hit by Tom Wilson and loses puck.
8:54 of 1st period - Penalty to Andrei Loktionov is over, Andrei Loktionov is back on ice.
9:04 of 1st period - Slapshot by Erik Gudbranson.
9:04 of 1st period - Stopped by Jonathan Quick without a rebound.
9:05 of 1st period - Ondrej Kase wins face-off versus Andrei Loktionov in Devils zone.
9:25 of 1st period - Michael Del Zotto is hit by Jalen Chatfield and loses puck.
9:52 of 1st period - Zach Hyman is hit by Sam Bennett and loses puck.
10:11 of 1st period - Snap shot by Zach Hyman.
10:11 of 1st period - Shot Misses the Net.
10:13 of 1st period - Snap shot by Zach Hyman.
10:13 of 1st period - Stopped by Jonathan Quick with a rebound.
10:15 of 1st period - Wrist shot by Jamie Oleksiak.
10:15 of 1st period - Deflect By Marcus Johansson.
10:15 of 1st period - Shot Misses the Net.
10:15 of 1st period - Puck is out of play.
10:16 of 1st period - Brayden Point wins face-off versus Ryan Nugent-Hopkins in Devils zone.
10:43 of 1st period - Cam Fowler is hit by Brady Skjei and loses puck.
10:52 of 1st period - Snap shot by Tyler Bertuzzi.
10:52 of 1st period - Stopped by Jonathan Quick without a rebound.
10:53 of 1st period - Brayden Point wins face-off versus Ryan Nugent-Hopkins in Devils zone.
11:19 of 1st period - Matt Donovan is hit by Olli Maatta and loses puck.
12:05 of 1st period - Snap shot by Brendan Gallagher.
12:05 of 1st period - Shot Misses the Net.
12:07 of 1st period - Wrist shot by Erik Gudbranson.
12:07 of 1st period - Stopped by Jonathan Quick without a rebound.
12:08 of 1st period - Logan Couture wins face-off versus Nazem Kadri in Devils zone.
12:33 of 1st period - Ryan Nugent-Hopkins is hit by Brayden Point and loses puck.
12:40 of 1st period - Backhand shot by Nikita Zaitsev.
12:40 of 1st period - Stopped by Jonathan Quick with a rebound.
12:42 of 1st period - Slapshot by Brendan Lemieux.
12:42 of 1st period - Stopped by Jonathan Quick without a rebound.
12:43 of 1st period - Logan Couture wins face-off versus Nazem Kadri in Devils zone.
12:46 of 1st period - Slapshot by Tyler Bertuzzi.
12:46 of 1st period - Deflect By Logan Couture.
12:46 of 1st period - Shot Blocked by Cam Fowler.
12:46 of 1st period - Puck is out of play.
12:47 of 1st period - Logan Couture wins face-off versus Nazem Kadri in Devils zone.
12:52 of 1st period - Slapshot by Brady Skjei.
12:52 of 1st period - Shot Blocked by Kristopher Letang.
12:54 of 1st period - Wrist shot by Erik Gudbranson.
12:54 of 1st period - Deflect By Tyler Bertuzzi.
12:54 of 1st period - Stopped by Jonathan Quick with a rebound.
12:56 of 1st period - Wrist shot by Logan Couture.
12:56 of 1st period - Shot Blocked by Nick Palmieri.
12:58 of 1st period - Wrist shot by Brady Skjei.
12:58 of 1st period - Deflect By Tyler Bertuzzi.
12:58 of 1st period - Goal by Tyler Bertuzzi - Kraken : 2 - Devils : 0.
12:59 of 1st period - Tom Wilson wins face-off versus Ryan Nugent-Hopkins in neutral zone.
13:10 of 1st period - Snap shot by Brady Skjei.
13:10 of 1st period - Shot Blocked by Brayden Point.
13:48 of 1st period - Slapshot by Erik Gudbranson.
13:48 of 1st period - Shot Misses the Net.
13:50 of 1st period - Slapshot by Erik Gudbranson.
13:50 of 1st period - Shot Blocked by Thomas Hickey.
13:52 of 1st period - Snap shot by Zach Hyman.
13:52 of 1st period - Shot Misses the Net.
13:54 of 1st period - Slapshot by Zach Hyman.
13:54 of 1st period - Stopped by Jonathan Quick with a rebound.
13:56 of 1st period - Slapshot by Erik Gudbranson.
13:56 of 1st period - Shot Misses the Net.
13:58 of 1st period - Slapshot by Brady Skjei.
13:58 of 1st period - Shot Misses the Net.
14:42 of 1st period - Snap shot by Sven Baertschi.
14:42 of 1st period - Shot Misses the Net.
14:44 of 1st period - Wrist shot by Thomas Hickey.
14:44 of 1st period - Stopped by Laurent Brossoit without a rebound.
14:45 of 1st period - Sam Bennett wins face-off versus Brendan Lemieux in Kraken zone.
14:46 of 1st period - Snap shot by Ondrej Kase.
14:46 of 1st period - Stopped by Laurent Brossoit with a rebound.
14:48 of 1st period - Snap shot by Sam Bennett.
14:48 of 1st period - Stopped by Laurent Brossoit with a rebound.
14:50 of 1st period - Slapshot by Kristopher Letang.
14:50 of 1st period - Deflect By Brendan Gallagher.
14:50 of 1st period - Stopped by Laurent Brossoit with a rebound.
14:52 of 1st period - Slapshot by Kristopher Letang.
14:52 of 1st period - Shot Blocked by Nikita Zaitsev.
14:54 of 1st period - Snap shot by Ondrej Kase.
14:54 of 1st period - Shot Blocked by Olli Maatta.
15:00 of 1st period - Wrist shot by Sam Bennett.
15:00 of 1st period - Shot Misses the Net.
15:42 of 1st period - Icing by Michael Del Zotto.
15:43 of 1st period - Sam Bennett wins face-off versus Ryan Nugent-Hopkins in Devils zone.
15:43 of 1st period - Sam Bennett is hit by Ryan Nugent-Hopkins.
15:52 of 1st period - Snap shot by Sam Bennett.
15:52 of 1st period - Stopped by Laurent Brossoit with a rebound.
16:05 of 1st period - Minor Penalty to Brendan Lemieux for Tripping.
16:06 of 1st period - Nazem Kadri wins face-off versus Tyler Bertuzzi in Kraken zone.
16:22 of 1st period - Snap shot by Nazem Kadri.
16:22 of 1st period - Deflect By Nick Palmieri.
16:22 of 1st period - Shot Misses the Net.
16:22 of 1st period - Puck is out of play.
16:23 of 1st period - Logan Couture wins face-off versus Nick Palmieri in Kraken zone.
16:50 of 1st period - Kyle Rau is hit by Jonathan Huberdeau and loses puck.
17:13 of 1st period - Olli Maatta is hit by Tom Wilson and loses puck.
17:24 of 1st period - Tyler Ennis is hit by Nikita Zaitsev and loses puck.
18:02 of 1st period - Kristopher Letang is hit by JT Compher and loses puck.
18:05 of 1st period - Penalty to Brendan Lemieux is over, Brendan Lemieux is back on ice.
18:47 of 1st period - JT Compher is hit by Thomas Hickey.
Goals for this period are 2 for Kraken vs 0 for Devils.
Shots for this period are 11 for Kraken vs 12 for Devils.

2nd period


0:01 of 2nd period - Nazem Kadri wins face-off versus Ryan Nugent-Hopkins in neutral zone.
0:14 of 2nd period - Snap shot by Tyler Ennis.
0:14 of 2nd period - Deflect By Nick Palmieri.
0:14 of 2nd period - Shot Blocked by Brendan Gallagher.
0:14 of 2nd period - Puck is out of play.
0:15 of 2nd period - Logan Couture wins face-off versus Brayden Point in Kraken zone.
1:03 of 2nd period - Snap shot by Anton Lander.
1:03 of 2nd period - Stopped by Laurent Brossoit without a rebound.
1:04 of 2nd period - Anton Lander wins face-off versus Ryan Nugent-Hopkins in Kraken zone.
1:15 of 2nd period - Snap shot by Logan Shaw.
1:15 of 2nd period - Stopped by Laurent Brossoit with a rebound.
1:17 of 2nd period - Wrist shot by Logan Shaw.
1:17 of 2nd period - Stopped by Laurent Brossoit with a rebound.
1:19 of 2nd period - Snap shot by Anton Lander.
1:19 of 2nd period - Stopped by Laurent Brossoit with a rebound.
1:25 of 2nd period - Minor Penalty to Nikita Zaitsev for Charging.
1:26 of 2nd period - Tyler Ennis wins face-off versus Logan Couture in Kraken zone.
1:27 of 2nd period - Backhand shot by Nazem Kadri.
1:27 of 2nd period - Deflect By Nick Palmieri.
1:27 of 2nd period - Stopped by Laurent Brossoit with a rebound.
1:29 of 2nd period - Wrist shot by Nazem Kadri.
1:29 of 2nd period - Goal by Nazem Kadri - Kraken : 2 - Devils : 1.
1:30 of 2nd period - Nazem Kadri wins face-off versus Ryan Nugent-Hopkins in neutral zone.
1:33 of 2nd period - Jamie Oleksiak is hit by Cam Fowler and loses puck.
1:56 of 2nd period - Logan Couture is hit by Jonathan Huberdeau and loses puck.
3:00 of 2nd period - Snap shot by Tyler Bertuzzi.
3:00 of 2nd period - Deflect By Logan Couture.
3:00 of 2nd period - Stopped by Jonathan Quick with a rebound.
3:32 of 2nd period - Kyle Rau is hit by Tom Wilson and loses puck.
3:42 of 2nd period - Off-side.
3:43 of 2nd period - Ryan Nugent-Hopkins wins face-off versus Anton Lander in neutral zone.
3:50 of 2nd period - Wrist shot by Brendan Lemieux.
3:50 of 2nd period - Stopped by Jonathan Quick with a rebound.
4:00 of 2nd period - Wrist shot by Ryan Nugent-Hopkins.
4:00 of 2nd period - Stopped by Jonathan Quick without a rebound.
4:01 of 2nd period - Logan Couture wins face-off versus Nazem Kadri in Devils zone.
5:02 of 2nd period - Minor Penalty to Ondrej Kase for Cross-checking.
5:03 of 2nd period - Sam Bennett wins face-off versus Ryan Nugent-Hopkins in Devils zone.
5:39 of 2nd period - Wrist shot by Erik Gudbranson.
5:39 of 2nd period - Goal by Erik Gudbranson - Kraken : 3 - Devils : 1.
5:40 of 2nd period - Nazem Kadri wins face-off versus Ryan Nugent-Hopkins in neutral zone.
5:51 of 2nd period - Wrist shot by Tyler Ennis.
5:51 of 2nd period - Goal by Tyler Ennis - Kraken : 3 - Devils : 2.
5:52 of 2nd period - Nazem Kadri wins face-off versus Ryan Nugent-Hopkins in neutral zone.
6:44 of 2nd period - Sam Bennett is hit by Jalen Chatfield and loses puck.
7:05 of 2nd period - Thomas Hickey is hit by Jalen Chatfield and loses puck.
7:16 of 2nd period - Slapshot by Jamie Oleksiak.
7:16 of 2nd period - Shot Blocked by Thomas Hickey.
7:30 of 2nd period - Brendan Lemieux is hit by Nazem Kadri and loses puck.
7:35 of 2nd period - Wrist shot by Nazem Kadri.
7:35 of 2nd period - Shot Misses the Net.
7:37 of 2nd period - Snap shot by Tyler Ennis.
7:37 of 2nd period - Deflect By Nick Palmieri.
7:37 of 2nd period - Shot Misses the Net.
7:37 of 2nd period - Puck is out of play.
7:38 of 2nd period - Ryan Nugent-Hopkins wins face-off versus Nazem Kadri in Kraken zone.
8:05 of 2nd period - Logan Couture is hit by Michael Del Zotto and loses puck.
8:49 of 2nd period - Wrist shot by Brendan Lemieux.
8:49 of 2nd period - Stopped by Jonathan Quick with a rebound.
9:07 of 2nd period - Brendan Gallagher is hit by Nazem Kadri.
9:11 of 2nd period - Slapshot by Tyler Ennis.
9:11 of 2nd period - Stopped by Laurent Brossoit with a rebound.
10:27 of 2nd period - Snap shot by Kyle Rau.
10:27 of 2nd period - Deflect By Victor Olofsson.
10:27 of 2nd period - Shot Blocked by Nazem Kadri.
10:27 of 2nd period - Puck is out of play.
10:28 of 2nd period - Brayden Point wins face-off versus Logan Couture in Devils zone.
11:18 of 2nd period - Andrei Loktionov is hit by Sven Baertschi and loses puck.
11:47 of 2nd period - Wrist shot by Jamie Oleksiak.
11:47 of 2nd period - Shot Blocked by Cam Fowler.
12:43 of 2nd period - Snap shot by Zach Hyman.
12:43 of 2nd period - Shot Blocked by Sven Baertschi.
12:45 of 2nd period - Slapshot by Olli Maatta.
12:45 of 2nd period - Stopped by Jonathan Quick with a rebound.
12:47 of 2nd period - Snap shot by Marcus Johansson.
12:47 of 2nd period - Shot Misses the Net.
12:51 of 2nd period - Wrist shot by Zach Hyman.
12:51 of 2nd period - Shot Misses the Net.
12:53 of 2nd period - Slapshot by Olli Maatta.
12:53 of 2nd period - Deflect By Michael Del Zotto.
12:53 of 2nd period - Stopped by Jonathan Quick without a rebound.
12:54 of 2nd period - Logan Couture wins face-off versus Nazem Kadri in Devils zone.
13:01 of 2nd period - Wrist shot by Tyler Bertuzzi.
13:01 of 2nd period - Stopped by Jonathan Quick with a rebound.
13:23 of 2nd period - Slapshot by Tom Wilson.
13:23 of 2nd period - Stopped by Laurent Brossoit with a rebound.
13:52 of 2nd period - Off-side.
13:53 of 2nd period - Nazem Kadri wins face-off versus Logan Couture in neutral zone.
13:59 of 2nd period - Minor Penalty to Jalen Chatfield for High sticking.
14:00 of 2nd period - Nazem Kadri wins face-off versus Logan Couture in Kraken zone.
14:12 of 2nd period - Wrist shot by Nazem Kadri.
14:12 of 2nd period - Goal by Nazem Kadri - Kraken : 3 - Devils : 3.
14:13 of 2nd period - Ryan Nugent-Hopkins wins face-off versus Nazem Kadri in neutral zone.
14:20 of 2nd period - Backhand shot by Brendan Lemieux.
14:20 of 2nd period - Stopped by Jonathan Quick without a rebound.
14:21 of 2nd period - Nazem Kadri wins face-off versus Ryan Nugent-Hopkins in Devils zone.
15:08 of 2nd period - Wrist shot by Tyler Ennis.
15:08 of 2nd period - Stopped by Laurent Brossoit with a rebound.
15:14 of 2nd period - Wrist shot by Nazem Kadri.
15:14 of 2nd period - Stopped by Laurent Brossoit without a rebound.
15:15 of 2nd period - Brayden Point wins face-off versus Logan Couture in Kraken zone.
15:16 of 2nd period - Wrist shot by Jonathan Huberdeau.
15:16 of 2nd period - Stopped by Laurent Brossoit with a rebound.
15:18 of 2nd period - Minor Penalty to Nikita Zaitsev for Holding.
15:19 of 2nd period - Brayden Point wins face-off versus Logan Couture in Kraken zone.
15:30 of 2nd period - Slapshot by Jonathan Huberdeau.
15:30 of 2nd period - Deflect By Tom Wilson.
15:30 of 2nd period - Shot Blocked by Erik Gudbranson.
15:30 of 2nd period - Puck is out of play.
15:31 of 2nd period - Logan Couture wins face-off versus Nazem Kadri in Kraken zone.
16:08 of 2nd period - Slapshot by Cam Fowler.
16:08 of 2nd period - Shot Blocked by Brady Skjei.
17:10 of 2nd period - Damon Severson is hit by Brendan Lemieux and loses puck.
17:17 of 2nd period - Brendan Lemieux is hit by Tyler Ennis and loses puck.
17:18 of 2nd period - Penalty to Nikita Zaitsev is over, Nikita Zaitsev is back on ice.
17:41 of 2nd period - Wrist shot by Andrei Loktionov.
17:41 of 2nd period - Deflect By Marcus Johansson.
17:41 of 2nd period - Shot Blocked by Sam Bennett.
17:41 of 2nd period - Puck is out of play.
17:42 of 2nd period - Brayden Point wins face-off versus Ryan Nugent-Hopkins in Devils zone.
18:01 of 2nd period - Brayden Point is hit by Ryan Nugent-Hopkins and loses puck.
19:16 of 2nd period - Eric Tangradi is hit by Logan Couture and loses puck.
19:23 of 2nd period - Eric Tangradi is hit by Jalen Chatfield and loses puck.
19:34 of 2nd period - Ryan Nugent-Hopkins is hit by Damon Severson and loses puck.
19:55 of 2nd period - Marcus Johansson is hit by Damon Severson and loses puck.
Goals for this period are 1 for Kraken vs 3 for Devils.
Shots for this period are 9 for Kraken vs 13 for Devils.

3rd period


0:01 of 3rd period - Nick Palmieri wins face-off versus Jason Spezza in neutral zone.
0:30 of 3rd period - Off-side.
0:31 of 3rd period - Ryan Nugent-Hopkins wins face-off versus Jonathan Huberdeau in neutral zone.
0:44 of 3rd period - Snap shot by Ryan Nugent-Hopkins.
0:44 of 3rd period - Shot Misses the Net.
1:02 of 3rd period - Slapshot by Tyler Ennis.
1:02 of 3rd period - Goal by Tyler Ennis - Kraken : 3 - Devils : 4.
1:03 of 3rd period - Nazem Kadri wins face-off versus Logan Couture in neutral zone.
1:10 of 3rd period - Nick Palmieri is hit by Brady Skjei and loses puck.
1:26 of 3rd period - Icing by Brady Skjei.
1:27 of 3rd period - Brayden Point wins face-off versus Logan Couture in Kraken zone.
1:44 of 3rd period - Jason Spezza is hit by Jonathan Huberdeau and loses puck.
1:51 of 3rd period - Minor Penalty to Logan Couture for Tripping.
1:52 of 3rd period - Nazem Kadri wins face-off versus Brendan Lemieux in Kraken zone.
1:59 of 3rd period - Cam Fowler is hit by Brendan Lemieux and loses puck.
2:08 of 3rd period - Slapshot by Cam Fowler.
2:08 of 3rd period - Shot Blocked by Erik Gudbranson.
2:46 of 3rd period - Slapshot by Tom Wilson.
2:46 of 3rd period - Deflect By Brayden Point.
2:46 of 3rd period - Shot Misses the Net.
2:46 of 3rd period - Puck is out of play.
2:47 of 3rd period - Kyle Rau wins face-off versus Nazem Kadri in Kraken zone.
3:00 of 3rd period - Wrist shot by Matt Donovan.
3:00 of 3rd period - Deflect By Nick Palmieri.
3:00 of 3rd period - Goal by Nick Palmieri - Kraken : 3 - Devils : 5.
3:01 of 3rd period - Ryan Nugent-Hopkins wins face-off versus Nazem Kadri in neutral zone.
3:04 of 3rd period - Tyler Ennis is hit by Brady Skjei.
3:14 of 3rd period - Wrist shot by Brendan Gallagher.
3:14 of 3rd period - Stopped by Jonathan Quick with a rebound.
3:36 of 3rd period - Slapshot by Tyler Bertuzzi.
3:36 of 3rd period - Shot Blocked by Jonathan Huberdeau.
3:38 of 3rd period - Snap shot by Jamie Oleksiak.
3:38 of 3rd period - Shot Misses the Net.
3:42 of 3rd period - Wrist shot by Tyler Bertuzzi.
3:42 of 3rd period - Shot Blocked by Kristopher Letang.
4:42 of 3rd period - Snap shot by Brendan Gallagher.
4:42 of 3rd period - Shot Blocked by Matt Donovan.
4:44 of 3rd period - Slapshot by Olli Maatta.
4:44 of 3rd period - Shot Blocked by Thomas Hickey.
4:46 of 3rd period - Slapshot by Ryan Nugent-Hopkins.
4:46 of 3rd period - Deflect By Brendan Lemieux.
4:46 of 3rd period - Stopped by Jonathan Quick without a rebound.
4:47 of 3rd period - Ryan Nugent-Hopkins wins face-off versus Brayden Point in Devils zone.
4:51 of 3rd period - Minor Penalty to Tom Wilson for Close Hand On Puck.
4:52 of 3rd period - Sam Bennett wins face-off versus Andrei Loktionov in Devils zone.
5:09 of 3rd period - Snap shot by Olli Maatta.
5:09 of 3rd period - Shot Blocked by Thomas Hickey.
5:25 of 3rd period - Snap shot by Brendan Gallagher.
5:25 of 3rd period - Deflect By Brendan Lemieux.
5:25 of 3rd period - Goal by Brendan Lemieux - Kraken : 4 - Devils : 5.
5:26 of 3rd period - Brayden Point wins face-off versus Ryan Nugent-Hopkins in neutral zone.
5:33 of 3rd period - Icing by Erik Gudbranson.
5:34 of 3rd period - Brayden Point wins face-off versus Ryan Nugent-Hopkins in Kraken zone.
6:05 of 3rd period - Wrist shot by Brendan Gallagher.
6:05 of 3rd period - Shot Misses the Net.
6:09 of 3rd period - Wrist shot by Ryan Nugent-Hopkins.
6:09 of 3rd period - Shot Blocked by Jonathan Huberdeau.
6:17 of 3rd period - Wrist shot by Ryan Nugent-Hopkins.
6:17 of 3rd period - Shot Misses the Net.
6:19 of 3rd period - Slapshot by Brady Skjei.
6:19 of 3rd period - Shot Blocked by Damon Severson.
6:21 of 3rd period - Snap shot by Brendan Gallagher.
6:21 of 3rd period - Stopped by Jonathan Quick without a rebound.
6:22 of 3rd period - Logan Couture wins face-off versus Nazem Kadri in Devils zone.
6:33 of 3rd period - Jason Spezza is hit by Nazem Kadri and loses puck.
6:38 of 3rd period - Slapshot by Tyler Ennis.
6:38 of 3rd period - Shot Blocked by Tyler Bertuzzi.
6:58 of 3rd period - Wrist shot by Andrei Loktionov.
6:58 of 3rd period - Stopped by Jonathan Quick with a rebound.
7:00 of 3rd period - Wrist shot by Andrei Loktionov.
7:00 of 3rd period - Stopped by Jonathan Quick with a rebound.
7:18 of 3rd period - Wrist shot by Eric Tangradi.
7:18 of 3rd period - Stopped by Laurent Brossoit without a rebound.
7:19 of 3rd period - Anton Lander wins face-off versus Ryan Nugent-Hopkins in Kraken zone.
7:34 of 3rd period - Snap shot by Brendan Lemieux.
7:34 of 3rd period - Shot Hit the Post.
7:36 of 3rd period - Slapshot by Brendan Lemieux.
7:36 of 3rd period - Shot Misses the Net.
7:42 of 3rd period - Minor Penalty to Cam Fowler for Interference.
7:43 of 3rd period - Sam Bennett wins face-off versus Ryan Nugent-Hopkins in Devils zone.
8:24 of 3rd period - Andrei Loktionov is hit by Logan Shaw and loses puck.
9:42 of 3rd period - Penalty to Cam Fowler is over, Cam Fowler is back on ice.
11:36 of 3rd period - Kristopher Letang is hit by Tyler Bertuzzi and loses puck.
12:18 of 3rd period - Snap shot by Logan Couture.
12:18 of 3rd period - Shot Blocked by Anton Lander.
12:20 of 3rd period - Slapshot by Brady Skjei.
12:20 of 3rd period - Shot Blocked by Thomas Hickey.
12:30 of 3rd period - Tom Wilson is hit by Jamie Oleksiak and loses puck.
13:36 of 3rd period - Brayden Point is hit by Jamie Oleksiak and loses puck.
14:00 of 3rd period - Sam Bennett is hit by Nikita Zaitsev and loses puck.
14:16 of 3rd period - Icing by Olli Maatta.
14:17 of 3rd period - Anton Lander wins face-off versus Ryan Nugent-Hopkins in Kraken zone.
14:18 of 3rd period - Snap shot by Logan Shaw.
14:18 of 3rd period - Stopped by Laurent Brossoit with a rebound.
14:44 of 3rd period - Snap shot by Jonathan Huberdeau.
14:44 of 3rd period - Stopped by Laurent Brossoit with a rebound.
14:57 of 3rd period - Minor Penalty to Logan Shaw for Roughing.
14:58 of 3rd period - Sam Bennett wins face-off versus Andrei Loktionov in Devils zone.
15:08 of 3rd period - Slapshot by Erik Gudbranson.
15:08 of 3rd period - Shot Blocked by Michael Del Zotto.
15:24 of 3rd period - Nick Palmieri is hit by Brady Skjei and loses puck.
15:50 of 3rd period - Thomas Hickey is hit by Jason Spezza and loses puck.
16:34 of 3rd period - Olli Maatta is hit by Jonathan Huberdeau and loses puck.
16:45 of 3rd period - Brayden Point is hit by Olli Maatta and loses puck.
16:57 of 3rd period - Penalty to Logan Shaw is over, Logan Shaw is back on ice.
17:15 of 3rd period - Icing by Thomas Hickey.
17:16 of 3rd period - Brayden Point wins face-off versus Logan Couture in Devils zone.
17:21 of 3rd period - Snap shot by Jonathan Huberdeau.
17:21 of 3rd period - Shot Blocked by Jalen Chatfield.
17:37 of 3rd period - Minor Penalty to Jalen Chatfield for Tripping.
17:38 of 3rd period - Logan Couture wins face-off versus Tyler Ennis in Kraken zone.
18:27 of 3rd period - Erik Gudbranson is hit by Kristopher Letang and loses puck.
18:46 of 3rd period - Icing by Tom Wilson.
18:47 of 3rd period - Brayden Point wins face-off versus Logan Couture in Devils zone.
19:22 of 3rd period - Damon Severson is hit by Nikita Zaitsev and loses puck.
19:37 of 3rd period - Penalty to Jalen Chatfield is over, Jalen Chatfield is back on ice.
19:59 of 3rd period - Wrist shot by Nick Palmieri.
19:59 of 3rd period - Stopped by Laurent Brossoit without a rebound.
Goals for this period are 1 for Kraken vs 2 for Devils.
Shots for this period are 6 for Kraken vs 6 for Devils.